 Dungeon Crawl Stone Soup version 0.20.1-1-g8b1a95d (webtiles) character file.

3047 McKennaii the Zephyrmancer (level 9, -4/46 HPs)
             Began as a Tengu Air Elementalist on Aug 3, 2017.
             Was an Initiate of Vehumet.
             Slain by a killer bee (7 damage)
             ... on level 7 of the Dungeon.
             The game lasted 00:17:37 (8624 turns).

McKennaii the Zephyrmancer (Tengu Air Elementalist) Turns: 8624, Time: 00:17:38

Health: -4/46      AC:  4    Str: 11    XL:     9   Next: 87%
Magic:  0/20       EV: 13    Int: 23    God:    Vehumet [......]
Gold:   506        SH:  0    Dex: 14    Spells: 13/21 levels left

rFire    . . .     SeeInvis .   (no weapon)
rCold    . . .     Gourm    .   (no shield)
rNeg     . . .     Faith    .   a - +0 robe
rPois    +         Spirit   .   (helmet restricted)
rElec    .         Reflect  .   (no cloak)
rCorr    .         Harm     .   (no gloves)
MR       .....     Clarity  +   (boots unavailable)
Stlth    ++........             (no amulet)
Regen    0.2/turn               h - ring of poison resistance
MPRegen  0.2/turn               n - +4 ring of intelligence

@: lethally poisoned (-4 -> -19)
A: beak, talons 3, molten scales 1, clarity, strong 1, able to fly 1
a: Fly, Renounce Religion


You were on level 7 of the Dungeon.
You worshipped Vehumet.
Vehumet was noncommittal.
You were very hungry.

You visited 2 branches of the dungeon, and saw 8 of its levels.

You collected 506 gold pieces.

Inventory:

Armour
 a - a +0 robe (worn)
Jewellery
 h - a ring of poison resistance (left hand)
 n - a +4 ring of intelligence (right hand)
Wands
 A - a wand of paralysis (14/24)
 B - a wand of confusion (31/48)
 C - a wand of lightning (10/15)
Scrolls
 d - 3 scrolls of fog
 e - 3 scrolls of enchant armour
 j - a scroll of amnesia {unknown}
 k - a scroll of recharging
 l - 2 scrolls of identify
 p - 3 scrolls of remove curse
 r - a scroll of blinking {unknown}
 x - a scroll of fear {unknown}
 y - a scroll of magic mapping {unknown}
 z - a scroll of enchant weapon {unknown}
Potions
 f - 2 potions of lignification
 s - a potion of cancellation
 t - a potion of curing {unknown}
 v - a potion of ambrosia {unknown}
 w - 2 potions of degeneration {unknown}
Books
 b - a book of Air

   Spells                             Type                      Level
   a - Shock                          Conjuration/Air              1
   b - Swiftness                      Charms/Air                   2
   c - Static Discharge               Conjuration/Air              3
   d - Airstrike                      Air                          4
   e - Lightning Bolt                 Conjuration/Air              5
 q - a book of Necromancy

   Spells                             Type                      Level
   a - Pain                           Necromancy                   1
   b - Animate Skeleton               Necromancy                   1
   c - Vampiric Draining              Necromancy                   3
   d - Regeneration                   Charms/Necromancy            3
   e - Animate Dead                   Necromancy                   4
   f - Control Undead                 Necromancy                   4
Comestibles
 c - 9 bread rations
 g - 4 fruits
 i - 4 royal jellies
 o - a meat ration


   Skills:
 + Level 0.6 Fighting
 + Level 3.3 Dodging
 + Level 3.0 Stealth
 + Level 6.9 Spellcasting
 + Level 7.8 Conjurations
 * Level 12.0 Air Magic
 + Level 0.4 Evocations


You had 13 spell levels left.
You knew the following spells:

 Your Spells              Type           Power        Failure   Level  Hunger
a - Shock                 Conj/Air       ####         1%          1    None
b - Swiftness             Chrm/Air       #####...     1%          2    None
c - Lightning Bolt        Conj/Air       ######....   3%          5    #####..


Dungeon Overview and Level Annotations

Branches:
Dungeon (7/15)             Temple (1/1) D:6

Altars:
Ashenzari
Cheibriados
Dithmenos
Elyvilon
Fedhas
Gozag
Hepliaklqana
Kikubaaqudgha
Makhleb
Nemelex Xobeh
Okawaru
Qazlal
Ru
Sif Muna
Trog
Uskayaw
Vehumet
Xom
Yredelemnul
Zin
The Shining One

Annotations:
D:3 Ejeck's ghost, amateur MiFi


Innate Abilities, Weirdness & Mutations

You have a beak for a mouth.
You have claws for feet.
You can fly.
You are partially covered in molten scales. (AC +2)
You possess an exceptional clarity of mind.
Your muscles are strong. (Str +2)


Message History

The killer bee stings you but does no damage.
The killer bee stings you!
* * * LOW HITPOINT WARNING * * *
The killer bee stings you.
* * * LOW HITPOINT WARNING * * *
The killer bee stings you but does no damage.
Unknown command.
Casting: Lightning Bolt
Confirm with . or Enter, or press ? or * to list all spells.
Aiming: Lightning Bolt
Press: ? - help, Shift-Dir - straight line, f - killer bee
Aim: a killer bee You hear a mighty clap of thunder!
The bolt of lightning hits the killer bee.
You kill the killer bee!
Vehumet accepts your kill.
You are feeling very hungry.
* * * LOW HITPOINT WARNING * * *
You feel sick. The killer bee stings you!
You die...

#.....#....#..#.....'..........#
#'#####....##'##....#..........#
...............######....<.....#
..............................##
..............y...............#
.................y............#
.................y.†..........#
....#####......####'#.........#
....# #......#@†..#.........#
....#####......#yy..#....######
....#.#.#....[.######....#
....#...'................#
....#####................#
....#...#................#
....#...'................#
....###+#................##
...............####.......#


You could see 2 killer bees.

Vanquished Creatures
  Pikel (D:6)
  A spriggan (D:7)
  Menkaure (D:5)
  Edmund (D:5)
  The ghost of Ejeck the Ducker, an amateur TrFi (D:4)
  2 slaves (D:6)
  An ice beast (D:7)
  A necrophage (D:5)
  A sky beast (D:6)
  7 ogres
  2 phantoms (D:6)
  A centaur (D:5)
  A bullfrog (D:4)
  A scorpion (D:7)
  4 killer bees (D:7)
  A howler monkey (D:5)
  A centaur zombie (D:5)
  A crimson imp (D:5)
  A hound (D:6)
  A jelly (D:6)
  2 orc priests (D:7)
  3 bullfrog skeletons
  Ijyb (D:4)
  6 worker ants
  3 orc wizards
  6 adders
  2 shadow imps (D:6)
  3 oozes
  An adder zombie (D:6)
  An adder skeleton (D:7)
  A worm (D:2)
  2 dart slugs
  6 leopard geckos
  13 orcs
  A ball python (D:3)
  7 bats
  3 giant cockroaches
  11 goblins
  4 hobgoblins
  12 jackals
  3 quokkas
  3 frilled lizards
  8 kobolds
  2 quokka skeletons
  4 rats
139 creatures vanquished.

Vanquished Creatures (others)
  3 jackals (D:6)
  A quokka (D:6)
4 creatures vanquished.

Grand Total: 143 creatures vanquished

Notes
Turn   | Place    | Note
-------+----------+-------------------------------------------
     0 | D:1      | McKennaii the Tengu Air Elementalist began the quest for the Orb.
     0 | D:1      | Reached XP level 1. HP: 10/10 MP: 4/4
   347 | D:1      | Reached XP level 2. HP: 15/15 MP: 3/6
   451 | D:1      | Found a glowing golden altar of the Shining One.
   788 | D:1      | Reached skill level 5 in Air Magic
   788 | D:1      | Reached XP level 3. HP: 17/19 MP: 1/7
   944 | D:1      | Learned a level 2 spell: Swiftness
  1656 | D:2      | Reached XP level 4. HP: 24/24 MP: 5/8
  2886 | D:3      | Noticed Ejeck's ghost (amateur MiFi)
  2968 | D:3      | Gained mutation: You can fly. [Tengu growth]
  2968 | D:3      | Reached XP level 5. HP: 28/28 MP: 2/10
  2975 | D:3      | Learned a level 5 spell: Lightning Bolt
  3337 | D:3      | Found a bloodstained altar of Trog.
  3491 | D:4      | Noticed Ejeck's ghost (amateur TrFi)
  3521 | D:4      | Killed Ejeck's ghost
  3521 | D:4      | Reached skill level 6 in Air Magic
  3521 | D:4      | Reached XP level 6. HP: 21/33 MP: 3/11
  3914 | D:4      | Found a stormy altar of Qazlal.
  4023 | D:4      | Noticed Ijyb
  4023 | D:4      | Reached skill level 7 in Air Magic
  4067 | D:4      | Gained mutation: You possess an exceptional clarity of mind. [potion of mutation]
  4067 | D:4      | Gained mutation: Your muscles are strong. (Str +2) [potion of mutation]
  4067 | D:4      | Gained mutation: You are partially covered in molten scales. (AC +2) [potion of mutation]
  4096 | D:4      | Killed Ijyb
  4468 | D:4      | Reached XP level 7. HP: 37/37 MP: 7/13
  4527 | D:5      | Entered Level 5 of the Dungeon
  4812 | D:5      | Reached skill level 8 in Air Magic
  4992 | D:5      | Reached skill level 5 in Conjurations
  4992 | D:5      | Reached XP level 8. HP: 42/42 MP: 8/16
  5160 | D:5      | Noticed Edmund
  5181 | D:5      | Killed Edmund
  5181 | D:5      | Reached skill level 5 in Spellcasting
  5181 | D:5      | Reached skill level 9 in Air Magic
  5401 | D:5      | Noticed Menkaure
  5534 | D:5      | Killed Menkaure
  5859 | D:6      | Found a staircase to the Ecumenical Temple.
  5868 | Temple   | Entered the Ecumenical Temple
  6086 | Temple   | Became a worshipper of Vehumet
  6613 | D:6      | Reached skill level 10 in Air Magic
  6741 | D:6      | Noticed Pikel
  6917 | D:6      | Killed Pikel
  6917 | D:6      | Reached XP level 9. HP: 46/46 MP: 0/19
  7236 | D:6      | Found a white marble altar of Elyvilon.
  7238 | D:6      | Found a shattered altar of Ashenzari.
  7274 | D:6      | Reached skill level 11 in Air Magic
  8410 | D:7      | Found a stormy altar of Qazlal.
  8619 | D:7      | Reached skill level 12 in Air Magic
  8622 | D:7      | HP: 2/46 [killer bee (6)]
  8624 | D:7      | Slain by a killer bee

Skill      XL: |  1  2  3  4  5  6  7  8  9 |
---------------+----------------------------+-----
Air Magic      | 5 6 7 8 10 12 | 12.0
Conjurations   | 2 3 5 7 |  7.8
Spellcasting   | 3 4 6 |  6.9
Dodging        | 3 |  3.3
Stealth        | 3 |  3.0
Fighting       | |  0.6
Evocations     | |  0.4

Action                   |  1- 3 |  4- 6 |  7- 9 || total
-------------------------+-------+-------+-------++-------
Melee: Unarmed           |    20 |    20 |     1 ||    41
       Kick              |     5 |     3 |       ||     8
       Peck              |     4 |     3 |       ||     7
 Cast: Shock             |    54 |   144 |   195 ||   393
       Lightning Bolt    |       |       |    14 ||    14
 Abil: Fly               |       |       |     1 ||     1
Evoke: Wand              |       |       |     9 ||     9
  Use: Potion            |     1 |     3 |     2 ||     6
       Scroll            |       |       |     9 ||     9
  Eat: Chunk             |     3 |     9 |     7 ||    19
       Bread ration      |       |       |     2 ||     2
Armor: Robe              |    15 |     8 |    14 ||    37
Dodge: Dodged            |    35 |    38 |    45 ||   118
